 Dungeon Crawl Stone Soup version 0.24.1 (webtiles) character file.

Game seed: 11087761836509327043, levelgen mode: deterministic

124 Destapler the Sneak (level 5, -6/39 HPs)
             Began as a Human Assassin on Apr 2, 2020.
             Killed from afar by an orc wizard (7 damage)
             ... with a magic dart
             ... on level 3 of the Dungeon.
             The game lasted 00:04:37 (2016 turns).

Destapler the Sneak (Human Assassin)                Turns: 2016, Time: 00:04:39

Health: -6/39      AC:  3    Str: 12    XL:     5   Next: 30%
Magic:  5/5        EV: 17    Int: 12    God:
Gold:   59         SH:  0    Dex: 19    Spells: 4/4 levels left

rFire    . . .     SeeInvis .   i - +0 hand axe (vamp)
rCold    + . .     Gourm    .   (no shield)
rNeg     . . .     Faith    .   b - +0 robe
rPois    .         Spirit   .   (no helmet)
rElec    .         Reflect  .   c - +0 cloak
rCorr    .         Harm     .   (no gloves)
MR       .....                  (no boots)
Stlth    ++++......             (no amulet)
HPRegen  0.13/turn              g - ring of protection from cold
MPRegen  0.09/turn              o - ring of flight

@: agile
A: no striking features
a: Evoke Flight


You were on level 3 of the Dungeon.
You were not hungry.

You visited 1 branch of the dungeon, and saw 3 of its levels.

You collected 59 gold pieces.

Inventory:

Hand Weapons
 a - a +2 dagger
 i - a +0 vampiric hand axe (weapon)
Missiles
 d - 27 poisoned darts (quivered)
 e - a curare-tipped dart
Armour
 b - a +0 robe (worn)
 c - a +0 cloak (worn)
Jewellery
 g - a ring of protection from cold (left hand)
 o - a ring of flight (right hand)
Scrolls
 j - a scroll of fog {unknown}
 k - a scroll of teleportation {unknown}
 n - a scroll of fear {unknown}
 q - a scroll of random uselessness {unknown}
 r - a scroll of noise {unknown}
 s - a scroll of enchant armour {unknown}
Potions
 h - a potion of mutation {unknown}
 m - a potion of flight {unknown}
Comestibles
 f - 2 rations
 p - 2 chunks of flesh


   Skills:
 + Level 2.5 Fighting
 - Level 3.0 Short Blades
 * Level 1.8 Axes
 + Level 2.4 Throwing
 + Level 1.4 Armour
 + Level 1.6 Dodging
 + Level 4.2 Stealth


You had 4 spell levels left.
You didn't know any spells.
Your spell library was empty.

Dungeon Overview and Level Annotations

Branches:
Dungeon (3/15)

Altars:
Trog


Message History

The orc priest is heavily wounded.
You barely miss the orc wizard. You hit the ooze.
You feel better. The ooze hits you but does no damage.
The orc wizard casts a spell at you. The magic dart hits you!
The orc priest mumbles some strange prayers to Beogh against you.
Beogh smites you!
* * * LOW HITPOINT WARNING * * *
The ooze hits you but does no damage.
The orc wizard gestures at you while chanting.
The puff of flame hits you!
* * * LOW HITPOINT WARNING * * *
It was a potion of agility.
You feel agile all of a sudden.
The orc priest hits you with a +0 hand axe.
* * * LOW HITPOINT WARNING * * *
The ooze closely misses you.
The orc wizard points at you and mumbles some strange words.
The magic dart hits you!
You die...

..##.. #.#..#
..#####.#...
..........÷..
#.#####...... .
##.###........
'''########.......#.....
..............###.#.....
......J@o......##....÷..
......)o##......>.....÷.
........###....##.......
........# #.##..#.......
........# #####.........
###...... ##..#.....
#.####. #........ #. .
#..#..### #..#....


You could see an orc priest, an orc wizard and an ooze.

Vanquished Creatures
  Terence (D:2)
  4 adders
  A dart slug (D:3)
  A leopard gecko (D:2)
  3 orcs (D:3)
  2 ball pythons
  3 bats
  2 giant cockroaches (D:1)
  12 goblins
  7 hobgoblins
  3 quokkas
  3 frilled lizards
  9 kobolds
  4 rats
55 creatures vanquished.

Notes
Turn   | Place    | Note
-------+----------+-------------------------------------------
     0 | D:1      | Destapler the Human Assassin began the quest for the Orb.
     0 | D:1      | Reached XP level 1. HP: 16/16 MP: 1/1
   185 | D:1      | Reached XP level 2. HP: 16/22 MP: 2/2
   567 | D:1      | Reached XP level 3. HP: 27/27 MP: 3/3
  1112 | D:2      | Noticed Terence
  1119 | D:2      | Killed Terence
  1119 | D:2      | Reached skill level 1 in Axes
  1119 | D:2      | Reached skill level 1 in Armour
  1119 | D:2      | Reached XP level 4. HP: 33/33 MP: 4/4
  1182 | D:2      | Found a bloodstained altar of Trog.
  1719 | D:3      | Reached XP level 5. HP: 38/39 MP: 5/5
  2016 | D:3      | HP: 1/39 [orc priest/+0 hand axe (2)]
  2016 | D:3      | Killed from afar by an orc wizard

Levels and vault maps discovered:
D:1:      co_arrival_square_in_a_square_in_a_square, layout_loops_corners,
          minmay_misc_feat_iff
D:2:      layout_basic, trog_hazing_becter, uniq_terence
D:3:      layout_rooms, nicolae_overflow_crystal_walls, nemelex_altar_shiori

Skill      XL: |  1  2  3 |
---------------+----------+-----
Short Blades   | 3 |  3.0
Axes           | 1 |  1.8
Armour         | 1 |  1.4
Fighting       | |  2.5
Throwing       | |  2.4
Dodging        | |  1.6
Stealth        | |  4.2

Action                   |  1- 3 |  4- 6 || total
-------------------------+-------+-------++-------
Melee: Dagger            |    20 |       ||    20
       Hand axe          |    72 |    70 ||   142
Throw: Dart              |     2 |     8 ||    10
  Use: Potion            |       |     1 ||     1
 Stab: Sleeping          |     7 |     6 ||    13
  Eat: Chunk             |     1 |     3 ||     4
Armor: Robe              |    17 |    20 ||    37
Dodge: Dodged            |    72 |    72 ||   144
